[Event "Late-Titled-Tuesday-Blitz-September-26-2023"]
[Site "Chess.com"]
[Date "2023.09.26"]
[Round "6"]
[White "Mykola-Bortnyk"]
[Black "AradNazari"]
[Result "0-1"]
[WhiteElo "2964"]
[BlackElo "2794"]
[TimeControl "180+1"]
[EndTime "15:05:07 PDT"]
[Termination "AradNazari won by resignation"]

1. e4 c5 2. c3 d5 3. exd5 Qxd5 4. d4 g6 5. dxc5 Qxc5 6. Be3 Qc7 7. Qb3 Be6 8. Qa4+ Nd7 9. Na3 a6 10. Nf3 Bg7 11.
Nd4 Bd5 12. O-O-O Nf6 13. Bc4 b5 14. Bxb5 axb5 15. Ndxb5 Qb8 16. Ba7 Qb7 17. f3 O-O 18.
Rhe1 e6 19. Rd4 Bc6 20. Qa5 Nd5 21. Rc4 N7b6 22. Rc5 Nd7 23. Rc4 N5b6 24. Rb4 Bxb5 25. Nxb5 Qc6 26. Qa6 Rfc8 27. Kb1 Nd5 28. Qxc6 Rxc6 29.
Rb3 Nc7 30. Nxc7 Rxa7 31. Nb5 Ra8 32. Rd1 Nc5 33. Rb4 Bf8 34. Rc4 Rb6 35. Nd4 Rab8 36. Rd2 e5 37. Ne2 Ne6 38. b3 Bh6 39. Rd1 Nf4 40. Nxf4 Bxf4 41. g3 Be3 42. Kb2 f5 43.
Rd5 Rb5 44. Rd7 R5b7 45. Rd5 Re8 46. a4 e4 47. fxe4 fxe4 48. Rd1 Ba7 49. Re1 e3 50. a5 Rd7 51. b4 e2 52. b5 Bf2 53.
Rxe2 Rxe2+ 54. Kb3 Rdd2 55. Rc8+ Kf7 56. Kc4 Ra2 57.
Rc7+ Re7 58. Rxe7+ Kxe7 59. Kb4 Kd6 60. g4 Bc5+ 0-1

[Event "Late-Titled-Tuesday-Blitz-September-26-2023"]
[Site "Chess.com"]
[Date "2023.09.26"]
[Round "6"]
[White "Fan_Of_Chucky"]
[Black "snowlord"]
[Result "1/2-1/2"]
[WhiteElo "2521"]
[BlackElo "2886"]
[TimeControl "180+1"]
[EndTime "15:05:07 PDT"]
[Termination "Game drawn - insufficient material"]

1. d4 g6 2. c4 Bg7 3. Nc3 Nc6 4. d5 Ne5 5. e4 d6 6. h3 c6 7. g4 Qa5 8. Be3 Nxc4 9. Bxc4 Bxc3+ 10. Bd2 Bxd2+ 11. Qxd2 Qxd2+ 12. Kxd2 Nf6 13. dxc6 Nxe4+ 14. Ke3 Nf6 15. cxb7 Bxb7 16. Nf3 e6 17. Rhd1 Ke7 18.
Nd4 Rhc8 19. Bb3 Rc5 20. f4 Rac8 21. Rd2 h5 22. g5 Nd5+ 23. Bxd5 Bxd5 24. Rad1 a6 25.
b3 a5 26. Ne2 Kd7 27. Ng3 Rc3+ 28. Rd3 Rxd3+ 29. Rxd3 Rc2 30. Rd2 Rxd2 31. Kxd2 h4 32.
Ne2 Bg2 33. Ng1 e5 34. fxe5 dxe5 35. Ke3 Ke6 36. Kf2 Be4 37. a3 Kf5 38. Ke3 Bd5 39. b4 axb4 40. axb4 Kxg5 41. b5 Kf6 42. b6 Ke6 43.
Ne2 f5 44. Nc3 Bc6 45. Nb5 Kd7 46. Na7 Bd5 47. Nb5 Kc6 48. Nc7 Bf7 49. Na6 Kxb6 50. Nb4 Kc5 51. Nd3+ Kd6 52. Ne1 g5 53. Nf3 f4+ 54.
Ke4 Bd5+ 55. Kf5 Bxf3 56. Kxg5 e4 57. Kxf4 e3 58. Kxe3 Bg2 59. Kf4 Bxh3 60. Kg5 Be6 61. Kxh4 1/2-1/2

[Event "Late-Titled-Tuesday-Blitz-September-26-2023"]
[Site "Chess.com"]
[Date "2023.09.26"]
[Round "6"]
[White "Bilan_Danila"]
[Black "bazar-wokzal"]
[Result "0-1"]
[WhiteElo "2510"]
[BlackElo "2682"]
[TimeControl "180+1"]
[EndTime "15:05:08 PDT"]
[Termination "bazar-wokzal won by resignation"]

1. d4 Nf6 2. Nf3 e6 3. g3 b5 4. Bg2 Bb7 5. O-O c5 6. a4 b4 7. c4 bxc3 8. bxc3 Na6 9. Ba3 Rc8 10. Nbd2 Be7 11. e3 O-O 12. Qb3 Bc6 13. Ne5 Bxg2 14. Kxg2 d6 15. Nef3 Rb8 16. Qc4 Qc8 17. Rfb1 cxd4 18.
Qxc8 Rfxc8 19. cxd4 Kf8 20. Rxb8 Rxb8 21. Rc1 d5 22.
Bxe7+ Kxe7 23. Ne5 Rb7 24. g4 h6 25. h4 Nb4 26. g5 hxg5 27. hxg5 Nd7 28. Nxd7 Kxd7 29. Nb3 Rc7 30. Nc5+ Kd6 31. f4 Na6 32. Nb3 Rxc1 33. Nxc1 Nb4 34. Nb3 Nd3 35. Kf3 Nb2 36. Nc5 g6 37. e4 dxe4+ 38. Kxe4 Nc4 39. Nb7+ Kc7 40. Nc5 Kb6 41. Nd7+ Ka5 42. Ne5 Nd6+ 43. Kd3 Kxa4 44. Nc6 a5 45. d5 exd5 46. Kd4 Kb5 47. Kxd5 Nf5 48. Na7+ Kb4 49. Nc6+ Kb5 50. Na7+ Kb6 51. Nc8+ Kc7 52. Na7 a4 53. Ke5 Kb6 54. Nc8+ Kc5 55. Ke4 a3 0-1

[Event "Late-Titled-Tuesday-Blitz-September-26-2023"]
[Site "Chess.com"]
[Date "2023.09.26"]
[Round "6"]
[White "RIPOL"]
[Black "Djager97"]
[Result "0-1"]
[WhiteElo "2403"]
[BlackElo "2577"]
[TimeControl "180+1"]
[EndTime "15:05:08 PDT"]
[Termination "Djager97 won on time"]

1. d4 Nf6 2. c4 c5 3. d5 d6 4. Nc3 g6 5. e4 Bg7 6. h3 O-O 7. Nf3 e6 8. Bd3 exd5 9. cxd5 Re8 10. O-O Nbd7 11. Re1 Ne5 12. Nxe5 Rxe5 13. Bf4 Nh5 14. Bxe5 Bxe5 15. Bf1 Qg5 16. Qc1 Nf4 17. Kh1 Qh4 18. g3 Qh5 19. gxf4 Bxh3 20. Bxh3 Qxh3+ 21.
Kg1 Qg4+ 22. Kf1 Bxf4 23. Re3 Bxe3 24. Qxe3 Re8 25. Qg3 Qh5 26. Kg2 Qh6 27. f4 b5 28.
Re1 b4 29. Nb5 Rd8 30. Re2 a6 31. Na7 Qh5 32. Qf3 Qh4 33. Nc6 Re8 34. e5 dxe5 35. Rxe5 Rf8 36. d6 Qf6 37. Ne7+ Kg7 38. Rd5 Rd8 39. Qd3 Qxb2+ 40. Qd2 Qxd2+ 41. Rxd2 c4 42. d7 c3 43. Rd5 a5 44. Nc6 c2 45. Rc5 Rxd7 46. Rxc2 Rc7 47. Rc4 a4 48. Kf3 b3 49.
axb3 axb3 50. Ne5 Rxc4 51. Nxc4 Kf6 52. Nb2 h5 53. Ke4 h4 54. Nd3 Ke6 55. f5+ Kf6 0-1

[Event "Late-Titled-Tuesday-Blitz-September-26-2023"]
[Site "Chess.com"]
[Date "2023.09.26"]
[Round "6"]
[White "Shuvalov"]
[Black "Inepton_Fermion"]
[Result "0-1"]
[WhiteElo "2472"]
[BlackElo "2367"]
[TimeControl "180+1"]
[EndTime "15:05:12 PDT"]
[Termination "Inepton_Fermion won by resignation"]

1. d4 Nf6 2. c4 e6 3. Nc3 Bb4 4.
e3 b6 5. Ne2 Ne4 6. Qc2 Bb7 7.
a3 Bxc3+ 8. Nxc3 Nxc3 9. Qxc3 d6 10. f3 f5 11. Bd3 O-O 12. O-O Nd7 13. b4 Qf6 14.
Bb2 a5 15. b5 Rae8 16. Rae1 f4 17. e4 e5 18. Rf2 Bc8 19. Bf1 exd4 20. Qxd4 Qxd4 21.
Bxd4 Ne5 22. Rc1 g5 23. Rd2 Bb7 24. Kf2 Kf7 25. Be2 Kg6 26. Bxe5 Rxe5 27. g3 fxg3+ 28. Kxg3 Rf4 29. Rc3 h5 30. Re3 h4+ 31. Kg2 g4 32. fxg4 Rexe4 33. Rxe4 Bxe4+ 34. Kg1 Bb7 35. Rd1 Kg5 36.
Rf1 Bc8 37. h3 Rxf1+ 38. Kxf1 Be6 39. Kf2 Kf4 40. Bf1 Bf7 41. Be2 Bg6 42. Bf1 Bf7 43.
Be2 d5 44. cxd5 Bxd5 45. Bf1 c6 46. bxc6 Bxc6 47. Be2 b5 48. Bd3 b4 49. axb4 axb4 50.
Bc4 Ba4 51. Ke2 Bc2 52. Kd2 Be4 53. Kc1 Bg2 54. g5 Kxg5 55. Be6 Kf4 56. Kb2 Kg3 57.
Kb3 Bxh3 58. Bd5 Bg2 59. Be6 Bf3 60. Kxb4 Bg4 61. Bd5 h3 62. Bh1 h2 63. Kc3 Bf3 64.
Kd2 Bxh1 65. Ke1 Bf3 66. Kd2 h1=Q 67. Ke3 Qe1+ 0-1

[Event "Late-Titled-Tuesday-Blitz-September-26-2023"]
[Site "Chess.com"]
[Date "2023.09.26"]
[Round "6"]
[White "Haykoooo0o"]
[Black "Javylavilla"]
[Result "0-1"]
[WhiteElo "2452"]
[BlackElo "2346"]
[TimeControl "180+1"]
[EndTime "15:05:12 PDT"]
[Termination "Javylavilla won by resignation"]

1. d4 Nf6 2. Nf3 c5 3. e3 d5 4. Bd3 c4 5. Be2 Nc6 6. b3 b5 7. a4 bxa4 8. bxc4 e6 9. c5 Bd7 10. Bb5 Qa5+ 11. Nc3 Qxc3+ 12. Bd2 Qb2 13. Bxa4 Qb7 14.
O-O Be7 15. Qe2 O-O 16. Rfb1 Qc7 17. c4 Ne4 18. cxd5 exd5 19. Bb3 Be6 20. Be1 f5 21. Qa6 f4 22. Ne5 Rac8 23. Nxc6 Qxc6 24. Qxc6 Rxc6 25.
Rxa7 fxe3 26. Rxe7 exf2+ 27. Bxf2 Rxf2 28. Rxe6 Rxe6 29. Bxd5 Rf6 30. Re1 Ng5 31. h4 Kf8 32.
Rb1 Ne4 33. Bxe6 Rxe6 34. d5 Re5 35. Rb8+ Ke7 36. d6+ Kd7 37. Rb7+ Kc8 38. Rxg7 Nxc5 39. Rxh7 Rd5 40. g4 Rxd6 41. Kg2 Ne6 42. Kf3 Rd4 43. g5 Kd8 44. g6 Ke8 45. Ke3 Rg4 46. h5 Kf8 47. Rf7+ Kg8 48. Re7 Ng7 49. Re5 Rh4 50. Ra5 Nxh5 51. Kf3 Kg7 52. Ra6 Rh1 53. Kg4 Nf6+ 54.
Kf5 Rf1+ 55. Kg5 Rg1+ 56. Kf5 Rxg6 57. Ra7+ Kh6 58. Ra1 Nh5 59. Ra8 Rf6+ 60. Kg4 Rf4+ 61. Kh3 Rb4 62. Ra5 Kg6 63. Kg2 Rb3 64. Kf2 Nf4 65.
Rc5 Nd3+ 0-1

[Event "Late-Titled-Tuesday-Blitz-September-26-2023"]
[Site "Chess.com"]
[Date "2023.09.26"]
[Round "6"]
[White "jamengrand"]
[Black "infinitegiantkiller"]
[Result "1/2-1/2"]
[WhiteElo "2266"]
[BlackElo "2443"]
[TimeControl "180+1"]
[EndTime "15:05:15 PDT"]
[Termination "Game drawn by repetition"]

1. e4 c5 2. Be2 Nc6 3. f4 g6 4. Nf3 Bg7 5. d3 d6 6. O-O Nf6 7. Qe1 O-O 8. Qh4 Bg4 9. c3 Bxf3 10. Rxf3 e5 11. f5 Nd7 12. Bg5 f6 13. fxg6 hxg6 14.
Bh6 Qe7 15. Nd2 Bxh6 16. Qxh6 Qh7 17. Qe3 Rf7 18. Rh3 Qg7 19. Bg4 Nf8 20. Nc4 Rd8 21. Qe2 b6 22. Rf1 Ne7 23. Ne3 d5 24. exd5 Nxd5 25.
Nxd5 Rxd5 26. Rhf3 Rd6 27. h4 f5 28. Bh3 Ne6 29. g3 Rfd7 30. Re3 c4 31. Rxe5 cxd3 32. Qe3 d2 33. Rd1 Nc5 34. Bg2 Ne4 35. Re8+ Kf7 36. Bxe4 Kxe8 37. Bc6+ Kd8 38. Bxd7 Qxd7 39. Kf2 Rd3 40.
Qg5+ Kc7 41. Qf4+ Kb7 42. Kg1 Qd5 43. Qf2 Rf3 44. Qg2 Rd3 45. Qxd5+ Rxd5 46. Kf2 Rd3 47. a4 Kc6 48. b4 a6 49. c4 a5 50. bxa5 bxa5 51.
Ke2 Rxg3 52. Kxd2 Rg4 53. Kc3 Rxh4 54. Rd5 Rh3+ 55. Kd4 Rh4+ 56. Kc3 f4 57. Kd4 f3+ 58. Ke3 Rxc4 59. Rxa5 Rc3+ 60. Kf2 Kd6 61. Rg5 Ra3 62. Rxg6+ Ke5 63. Rg4 Kf5 64. Rb4 Ke5 65. Rg4 Kf5 66. Rb4 Ke5 67. Rh4 Kf5 68. Rb4 1/2-1/2

[Event "Late-Titled-Tuesday-Blitz-September-26-2023"]
[Site "Chess.com"]
[Date "2023.09.26"]
[Round "6"]
[White "Orest_Vovk"]
[Black "krzyzan94"]
[Result "1/2-1/2"]
[WhiteElo "2582"]
[BlackElo "2795"]
[TimeControl "180+1"]
[EndTime "15:05:17 PDT"]
[Termination "Game drawn by repetition"]

1. h4 d5 2. h5 e5 3. h6 Nxh6 4.
d4 Nc6 5. Bxh6 gxh6 6. dxe5 Nxe5 7. Nf3 Nxf3+ 8. gxf3 Qf6 9. Nc3 c6 10. Bh3 Bxh3 11. Rxh3 Rg8 12. Rg3 Rg5 13. Qd3 Bc5 14. Rxg5 Qxg5 15. e3 Qg1+ 16. Qf1 Qxf1+ 17. Kxf1 Ke7 18.
Ke2 Rg8 19. Rh1 Rg6 20. f4 Bd6 21. Kf3 b5 22. Ne2 Kd7 23. Nd4 Bf8 24. Nf5 Rf6 25. Rh5 a5 26. b3 c5 27. Ng3 Kc6 28. e4 dxe4+ 29. Nxe4 Re6 30. c4 bxc4 31. bxc4 Be7 32. Rf5 f6 33. Rh5 Bf8 34. a4 Kb6 35. f5 Re5 36. Nxf6 Kc6 37. Nxh7 Bd6 38. Nf6 Re1 39. Ne4 Be5 40. Rxh6+ Kc7 41. Nxc5 Rc1 42. Nd3 Rc3 43. Ke4 Bd6 44. c5 Bxc5 45. Nxc5 Rxc5 46. f6 Kd6 47.
f7+ Ke7 48. Rb6 Rc4+ 49. Ke5 Rxa4 50. Rb7+ Kf8 51. f4 Rb4 52. Ra7 Rb5+ 53. Kf6 Rb6+ 54.
Kg5 a4 55. f5 Kg7 56. Rxa4 Kxf7 57. Ra7+ Kf8 58. Rc7 Ra6 59. Rb7 Rc6 60. f6 Rc1 61.
Kg6 Rg1+ 62. Kf5 Rf1+ 63. Kg6 Rg1+ 64. Kf5 Rf1+ 65. Kg6 Rg1+ 1/2-1/2

[Event "Late-Titled-Tuesday-Blitz-September-26-2023"]
[Site "Chess.com"]
[Date "2023.09.26"]
[Round "6"]
[White "Andrei_Skvortsov"]
[Black "Lady_Nika"]
[Result "0-1"]
[WhiteElo "2662"]
[BlackElo "2525"]
[TimeControl "180+1"]
[EndTime "15:05:17 PDT"]
[Termination "Lady_Nika won by resignation"]

1. e4 e6 2. d4 d5 3. exd5 exd5 4. Nf3 Nf6 5. Bd3 Bd6 6. Qe2+ Qe7 7. Qxe7+ Bxe7 8.
Bf4 c6 9. O-O O-O 10. Re1 Re8 11. Nbd2 Bg4 12. Ne5 Nbd7 13. Nxg4 Nxg4 14. h3 Ngf6 15. Nf3 Bf8 16. Kf1 h6 17. Rxe8 Rxe8 18. Re1 Rxe1+ 19. Kxe1 g5 20. Be3 Ne4 21. Nd2 f5 22. f3 Nxd2 23. Kxd2 f4 24. Bf2 Kf7 25. Bf5 Ke7 26. Kd3 Bg7 27. c3 Kd6 28. Be1 Nb6 29.
b3 Bf6 30. c4 Nd7 31. c5+ Kc7 32.
Ba5+ b6 33. cxb6+ axb6 34. Bc3 Nb8 35. Bb4 Na6 36. Bc3 Kd6 37. Bc8 Nc7 38. Bb4+ c5 39. dxc5+ bxc5 40. Bd2 Nb5 41. Bg4 Na3 42. Bh5 c4+ 43.
bxc4 dxc4+ 44. Ke2 Kc5 45. Bg6 c3 46. Bc1 Nb5 47. a4 Nd4+ 48. Kd3 Kb4 49. Be8 Nb3 50. Kc2 Na1+ 51. Kd1 Nb3 52. h4 Bd4 53. hxg5 hxg5 54. Bg6 Kxa4 55. Bc2 Kb4 56. Bf5 Be3 57. Bxe3 fxe3 58.
Bd3 Nd4 59. g3 Kb3 60. f4 gxf4 61. gxf4 Kb2 62. f5 e2+ 63. Ke1 c2 64. Bxc2 Kxc2 65. f6 Kd3 66. Kf2 Nc2 0-1

[Event "Late-Titled-Tuesday-Blitz-September-26-2023"]
[Site "Chess.com"]
[Date "2023.09.26"]
[Round "6"]
[White "victormago"]
[Black "Sokoloco"]
[Result "1/2-1/2"]
[WhiteElo "2532"]
[BlackElo "2694"]
[TimeControl "180+1"]
[EndTime "15:05:19 PDT"]
[Termination "Game drawn by repetition"]

1. d4 d5 2. c4 e6 3. Nc3 c6 4. e3 f5 5. g4 Nf6 6. gxf5 exf5 7.
cxd5 Nxd5 8. Bg2 Bb4 9. Bd2 Bxc3 10. bxc3 O-O 11. Nf3 Nd7 12. O-O N7f6 13. Ne5 Ne4 14. c4 Ndf6 15. Bb4 Re8 16. f3 Nd6 17. Qb3 Nf7 18.
Nxf7 Kxf7 19. Rae1 Be6 20. Qc3 a5 21. Ba3 b5 22. cxb5 cxb5 23. Bc5 Bxa2 24. e4 Kg8 25. d5 Rc8 26. Qd4 Nd7 27. Bd6 Bc4 28. Rf2 Qb6 29. Qxb6 Nxb6 30. Ra1 a4 31. Bh3 g6 32. exf5 Nxd5 33. fxg6 Rc6 34. gxh7+ Kxh7 35. Bg3 Ne3 36. Bd7 Rcc8 37. Bxc8 Rxc8 38. Bf4 Nd5 39. Bd6 Bb3 40.
Rd2 Rc6 41. Be5 b4 42. f4 a3 43. Kf2 a2 44. Rdxa2 Bxa2 45. Rxa2 Rb6 46. Rb2 b3 47. Ke2 Rb5 48. Kd3 Nb6 49. Bd4 Na4 50. Rb1 Rb7 51.
Kc4 b2 52. Kd3 Rd7 53. Ke4 Kg6 54. Bxb2 Rb7 55. Rg1+ Kh5 56. Be5 Nc5+ 57. Kf5 Rf7+ 58. Bf6 Nd7 59. Rg5+ Kh6 60. Rg6+ Kh5 61. Rg5+ Kh6 62.
Rg6+ Kh5 63. h4 Rf8 64. Ke6 Nc5+ 65. Kf5 Nd7 66. Rg5+ Kh6 67. Rg6+ Kh5 1/2-1/2

[Event "Late-Titled-Tuesday-Blitz-September-26-2023"]
[Site "Chess.com"]
[Date "2023.09.26"]
[Round "6"]
[White "Iball95"]
[Black "Thjop"]
[Result "1/2-1/2"]
[WhiteElo "2752"]
[BlackElo "2610"]
[TimeControl "180+1"]
[EndTime "15:05:22 PDT"]
[Termination "Game drawn by repetition"]

1. e4 e6 2. d4 d5 3. Nc3 Bb4 4. exd5 exd5 5. Bd3 c6 6. Nf3 Bg4 7.
O-O Ne7 8. h3 Bh5 9. g4 Bg6 10.
Ne5 f6 11. Nxg6 hxg6 12. Qf3 Nd7 13. Re1 Nf8 14. Bf4 Bd6 15. Re3 Bxf4 16. Qxf4 g5 17. Qg3 Kf7 18. f4 gxf4 19. Qxf4 Nfg6 20. Qf2 Qb6 21. Na4 Qc7 22. Rae1 Rae8 23. Nc5 Nf4 24. Bf1 b6 25. Ne6 Nxe6 26. Rxe6 Ng6 27. Rxe8 Rxe8 28. Rxe8 Kxe8 29. Qe3+ Kf7 30. c3 Nf4 31. Kf2 g5 32. a3 a5 33. Kg1 Qd6 34. Kf2 Qf8 35. Kg1 Qh8 36. Kf2 Qh4+ 37. Qg3 Qh8 38. Qe3 Qb8 39.
Kg1 Qd6 40. Kf2 c5 41. Kg1 c4 42. Kf2 b5 43. Kg1 b4 44. axb4 axb4 45. Kf2 Qb6 46.
Kg1 Qa5 47. h4 Ne6 48. hxg5 Nxg5 49. Bg2 Qa1+ 50. Kh2 Qxb2 51. cxb4 c3 52. b5 c2 53.
Bxd5+ Kg6 54. Qe8+ Kg7 55. Qe7+ Kg6 56. Qe8+ Kh6 57.
Qf8+ Kg6 58. Qg8+ Kh6 59. Qf8+ Kh7 60. Qg8+ Kh6 61. Qf8+ 1/2-1/2

[Event "Late-Titled-Tuesday-Blitz-September-26-2023"]
[Site "Chess.com"]
[Date "2023.09.26"]
[Round "6"]
[White "Gogolev_Artemy"]
[Black "Journey_to_GrandMaster_YT"]
[Result "0-1"]
[WhiteElo "2397"]
[BlackElo "2597"]
[TimeControl "180+1"]
[EndTime "15:05:28 PDT"]
[Termination "Journey_to_GrandMaster_YT won on time"]

1. c4 d6 2. g3 e5 3. Bg2 Nf6 4. Nc3 Be7 5. Nf3 O-O 6. O-O c6 7. d4 e4 8. Ng5 d5 9. cxd5 cxd5 10. f3 h6 11. Nh3 exf3 12. exf3 Nbd7 13. Nf4 Nb6 14.
Nd3 Bf5 15. Ne5 Rc8 16. Re1 Re8 17. Bf4 Nc4 18. Nxc4 Rxc4 19. Bf1 Rc8 20. Rc1 Qb6 21. Na4 Qa5 22. Qb3 Bb4 23. Rxe8+ Rxe8 24. Nc5 Bxc5 25. dxc5 Bc8 26. Qb5 Qxa2 27. Bd3 a6 28.
Qb4 a5 29. Qd4 Qb3 30. Bd6 Be6 31. Qc3 Qxc3 32. Rxc3 Nd7 33. Ra3 Ra8 34. Bb5 Nf6 35.
b4 Bd7 36. Bxd7 Nxd7 37. bxa5 Nb8 38. Bxb8 Rxb8 39. Rb3 Rc8 40. Rxb7 Rxc5 41. a6 Ra5 42. a7 Kh7 43. Rxf7 Kg6 44. Rd7 Ra2 45. f4 Kf6 46.
Kf1 g6 47. Ke1 Ke6 48. Rh7 h5 49. Rg7 Kf6 50. Rb7 Kf5 51. Rf7+ Kg4 52. Rf6 Rxa7 53. Rxg6+ Kh3 54. Rg5 Rh7 55. Kf2 Kxh2 56. Rxd5 Kh3 57. Rg5 Rh6 58. Kf3 Rh7 59. Re5 Rh6 60. f5 h4 61. gxh4 Kxh4 62. Kf4 Ra6 63. Re4 Kh5 0-1

[Event "Late-Titled-Tuesday-Blitz-September-26-2023"]
[Site "Chess.com"]
[Date "2023.09.26"]
[Round "6"]
[White "NotFischer"]
[Black "elcala"]
[Result "1-0"]
[WhiteElo "2248"]
[BlackElo "1719"]
[TimeControl "180+1"]
[EndTime "15:05:33 PDT"]
[Termination "NotFischer won on time"]

1. e4 d5 2. exd5 Qxd5 3. Nc3 Qd6 4. d4 Nf6 5. g3 a6 6. Bg2 Nc6 7. Nge2 Bf5 8. Bf4 Qd7 9. O-O e6 10. h3 O-O-O 11. g4 Bg6 12. Be3 h5 13. g5 Nd5 14.
Nxd5 exd5 15. c3 Be4 16. f3 Bf5 17. Kh2 Bd6+ 18. Bf4 Bxf4+ 19. Nxf4 Qd6 20. Qd2 Rhe8 21. Kh1 g6 22. Rae1 Qd7 23. h4 Rxe1 24. Rxe1 Re8 25. Re3 Rxe3 26. Qxe3 Be6 27. Nd3 Ne7 28. Nc5 Qd6 29.
b4 Nf5 30. Qe5 Qxe5 31. dxe5 Nxh4 32. Nxe6 fxe6 33. Bh3 Kd7 34. f4 Nf5 35. Kg1 Ne3 36. Kf2 Nd1+ 37. Ke1 Nxc3 38. a3 Nb5 39. a4 Nc3 40. a5 b6 41. Bf1 b5 42. Kd2 Ne4+ 43. Ke3 Ng3 44. Bd3 Nf5+ 45. Kd2 Ng3 46. Bxg6 h4 47.
Bd3 h3 48. g6 Nf5 49. Bxf5 exf5 50. g7 h2 51. g8=Q h1=Q 52. Qg7+ Kc8 53. Qg8+ Kb7 54. Kd3 Qf3+ 55. Kd2 Qf2+ 56. Kd3 Qf3+ 57. Kd2 Qxf4+ 58.
Kd3 Qe4+ 59. Kd2 Qd4+ 60. Ke2 Qe4+ 61. Kd2 Qf4+ 62. Ke2 Qxe5+ 63. Kd3 Qe4+ 64. Kd2 Qxb4+ 65. Ke3 Qe4+ 66. Kd2 Qd4+ 67. Ke2 Qb2+ 68. Kf3 Qc3+ 69. Kf4 1-0

[Event "Late-Titled-Tuesday-Blitz-September-26-2023"]
[Site "Chess.com"]
[Date "2023.09.26"]
[Round "6"]
[White "tdf98pantani"]
[Black "IMRosen"]
[Result "1/2-1/2"]
[WhiteElo "2695"]
[BlackElo "2569"]
[TimeControl "180+1"]
[EndTime "15:05:36 PDT"]
[Termination "Game drawn by stalemate"]

1. d4 d5 2. c4 e6 3. Nf3 Nf6 4.
e3 a6 5. b3 b6 6. Nc3 Bb7 7. Bd3 Nbd7 8. O-O Bd6 9. Bb2 O-O 10.
cxd5 exd5 11. Ne2 Qe7 12. a4 Rac8 13. Ng3 g6 14. Rc1 h5 15. Rc2 Ne4 16. Qa1 h4 17. Ne2 Rfe8 18. h3 g5 19. Bxe4 dxe4 20. Nd2 Nf6 21.
Nc4 Bd5 22. Rfc1 Bb4 23. Bc3 a5 24. Bxb4 axb4 25. Qb2 Qe6 26. a5 b5 27. Ne5 c6 28. a6 Re7 29. Rc5 Ra7 30. Qd2 Rxa6 31. Qxb4 Qf5 32. Nc3 Rca8 33. Nxd5 Nxd5 34. Qe1 f6 35.
Nxc6 Kf7 36. Nb4 Rd6 37. Rxb5 Rad8 38. Nxd5 Rxd5 39. Rbc5 Kg6 40. b4 R8d6 41. b5 Rb6 42.
Qe2 Qe6 43. Qc4 Rxc5 44. dxc5 Qxc4 45. Rxc4 Rxb5 46. c6 Rb8 47. c7 Rc8 48. g4 hxg3 49. fxg3 Kf5 50. Kg2 Ke5 51. g4 Kd5 52. Rc1 Kd6 53.
Rf1 Ke6 54. Rc1 Kd6 55. Rc4 Kd5 56. Rd4+ Ke5 57. Rd7 Ke6 58. Rg7 Kd6 59. Rf7 Ke6 60. Rg7 Kd6 61. Rg6 Ke6 62. h4 gxh4 63. g5 Kf5 64. Rxf6+ Kxg5 65. Rc6 Kf5 66. Kh3 Ke5 67. Kxh4 Kd5 68. Rc1 Kd6 69. Kg5 Rxc7 70. Rxc7 Kxc7 71. Kf5 Kd6 72. Kxe4 Ke6 73. Kd4 Kd6 74. e4 Ke6 75. e5 Ke7 76. Kd5 Kd7 77. e6+ Ke7 78. Ke5 Ke8 79. Kf6 Kf8 80. e7+ Ke8 81. Ke6 1/2-1/2

[Event "Late-Titled-Tuesday-Blitz-September-26-2023"]
[Site "Chess.com"]
[Date "2023.09.26"]
[Round "6"]
[White "DefiantChair"]
[Black "wild3000"]
[Result "1/2-1/2"]
[WhiteElo "2544"]
[BlackElo "2348"]
[TimeControl "180+1"]
[EndTime "15:05:37 PDT"]
[Termination "Game drawn - insufficient material"]

1. e4 c5 2. Nf3 e6 3. b3 d5 4. exd5 exd5 5. Bb5+ Bd7 6. Bxd7+ Nxd7 7. O-O Ngf6 8. Re1+ Be7 9. Qe2 Kf8 10. Bb2 Bd6 11.
d4 Qc7 12. Nc3 a6 13. Ne5 cxd4 14. Nxd7+ Qxd7 15. Na4 Re8 16. Qf3 Re4 17. Rxe4 dxe4 18. Qd1 Be5 19. Nb6 Bxh2+ 20. Kxh2 Qd6+ 21. Kg1 Qxb6 22. Bxd4 Qc6 23. Qd2 h5 24. Re1 Kg8 25. Qg5 Rh6 26.
c4 h4 27. Re3 Qe6 28. Bxf6 Rxf6 29. Qxh4 Rh6 30. Qxe4 Qf6 31. Qe5 Qh4 32. Qe8+ Kh7 33.
Qe4+ Qxe4 34. Rxe4 Rd6 35. Re2 Kg6 36. g3 b5 37. c5 Rd1+ 38. Kg2 Rc1 39. b4 Rc4 40. a3 a5 41. Rb2 axb4 42. axb4 Kf5 43. f4 Kg4 44. Rd2 Rc3 45. Kf2 Rf3+ 46. Ke2 Rxg3 47.
Rc2 Kxf4 48. c6 Re3+ 49. Kf2 Re8 50. Rc5 Rc8 51. Ke2 Ke4 52. c7 f5 53. Kf2 g5 54.
Kg3 f4+ 55. Kg4 Ke3 56. Re5+ Kd4 57. Rc5 Ke3 58. Rc3+ Kd4 59. Rc1 Ke3 60. Rc5 Kd4 61.
Kf3 Kd3 62. Rc6 Kd4 63. Rc1 Kd3 64. Kg4 Kd2 65. Rc6 Ke3 66. Re6+ Kd4 67. Re7 Kc4 68. Kxg5 Kxb4 69. Kxf4 Kc5 70. Ke5 Kc6 71. Kd4 Rxc7 72.
Rxc7+ Kxc7 73. Kc5 Kb7 74. Kxb5 1/2-1/2

[Event "Late-Titled-Tuesday-Blitz-September-26-2023"]
[Site "Chess.com"]
[Date "2023.09.26"]
[Round "6"]
[White "rasmussvane"]
[Black "kleinebeer98"]
[Result "1/2-1/2"]
[WhiteElo "2975"]
[BlackElo "2804"]
[TimeControl "180+1"]
[EndTime "15:05:46 PDT"]
[Termination "Game drawn - insufficient material"]

1. Nf3 Nf6 2. g3 g6 3. Bg2 Bg7 4. O-O O-O 5. d4 d5 6. c4 c6 7. Qb3 a5 8. Rd1 a4 9. Qb4 Ne4 10. Bf4 dxc4 11. Qxc4 b5 12. Qc1 Be6 13. Ne5 Bd5 14.
f3 Nd6 15. e4 Be6 16. Nc3 Qb6 17. Be3 Nc4 18. Nxc4 Bxc4 19. Qc2 e5 20. Qf2 exd4 21.
Bxd4 Bxd4 22. Qxd4 Nd7 23. Bf1 Qxd4+ 24. Rxd4 Ne5 25.
Kf2 Rfd8 26. Rxd8+ Rxd8 27. Bxc4 Nxc4 28. Rd1 Ra8 29. b3 axb3 30. axb3 Ra3 31. bxc4 Rxc3 32. cxb5 cxb5 33. h4 b4 34. Rd8+ Kg7 35. Rb8 b3 36. g4 h6 37. Rb6 g5 38. h5 Rc2+ 39. Ke3 Rb2 40. Kd4 Rb1 41. Ke5 b2 42. Rb7 Rf1 43.
Rxb2 Rxf3 44. Rg2 Rf4 45. Rg1 Rf2 46. Rg3 Ra2 47. Rg1 Ra5+ 48. Kd4 Kf6 49. Rb1 Ra4+ 50. Ke3 Ra3+ 51. Kf2 Ke5 52. Rb6 Kxe4 53. Rxh6 Kf4 54. Rf6+ Kxg4 55. Rxf7 Ra2+ 56. Kg1 Kxh5 57. Rf3 Kh4 58.
Rb3 Rc2 59. Rd3 Rc1+ 60. Kg2 Rb1 61. Rc3 Ra1 62. Rb3 Ra2+ 63. Kg1 g4 64. Rd3 Kg5 65. Rb3 Rd2 66. Rb5+ Kh4 67. Rb3 Rd4 68. Rc3 Rf4 69.
Rb3 Rf5 70. Rc3 Re5 71. Rb3 Kg5 72. Kg2 Kf5 73. Rc3 Re4 74. Rb3 Kf4 75. Ra3 Re2+ 76. Kg1 Rb2 77. Rc3 Rb8 78. Rc4+ Kf3 79. Rc3+ Kf4 80. Rc4+ Kg3 81. Rc3+ Kh4 82. Ra3 Rb2 83. Rc3 Ra2 84. Rb3 Ra8 85. Rd3 Rf8 86. Rc3 Rf3 87. Rxf3 gxf3 88. Kf2 Kh3 89. Kxf3 1/2-1/2

[Event "Late-Titled-Tuesday-Blitz-September-26-2023"]
[Site "Chess.com"]
[Date "2023.09.26"]
[Round "6"]
[White "Chessdreamer2020"]
[Black "Chessbard1972"]
[Result "0-1"]
[WhiteElo "2513"]
[BlackElo "2390"]
[TimeControl "180+1"]
[EndTime "15:05:51 PDT"]
[Termination "Chessbard1972 won by checkmate"]

1. e4 c5 2. Nf3 a6 3. g3 Nc6 4.
Bg2 g6 5. O-O Bg7 6. c3 e5 7.
Na3 b5 8. Nc2 Nge7 9. d4 cxd4 10. cxd4 exd4 11. Ncxd4 O-O 12. Bf4 Bb7 13. Bd6 Re8 14.
Re1 Nc8 15. Bf4 Nb6 16. b3 d5 17. e5 Nd7 18. Nxc6 Bxc6 19. Rc1 Rc8 20. Nd4 Bb7 21.
Rxc8 Qxc8 22. e6 fxe6 23. Nxe6 Nf6 24. Nxg7 Kxg7 25. Be5 Rf8 26. Qd4 Qe6 27. Re3 Kg8 28.
h3 Ne4 29. Bf4 Qf6 30. Qxf6 Rxf6 31. h4 Rc6 32. Re2 Rc3 33. Kh2 Kf7 34. Bh3 d4 35. Bg2 Nc5 36. Bxb7 Nxb7 37. Rd2 d3 38. Be5 Rc2 39. Rxd3 Ke6 40. Bd4 Rxa2 41. Rf3 Nd6 42. Rf6+ Kd5 43. Be3 Rb2 44. Bf4 Ne4 45. Rf7 h5 46.
Be3 Rxb3 47. Rf6 Ra3 48. Rxg6 b4 49. Rh6 b3 50. Rxh5+ Kc4 51. Re5 Kd3 52. Rd5+ Kc2 53. Bd4 Nc3 54. Rc5 b2 55. Bxc3 Rxc3 56. Ra5 b1=Q 57. Rxa6 Qb5 58. Rf6 Qf1 59. Rf4 Kb3 60.
h5 Rc1 61. g4 Qg1+ 62. Kh3 Rc3+ 63. Kh4 Qh1+ 64. Kg5 Rc5+ 65. Kg6 Qc6+ 66. Rf6 Qe8+ 67. Kg7 Rc7+ 68. Kh6 Qh8+ 69. Kg5 Rc5+ 70. Kg6 Qg8+ 71. Kh6 Qg5+ 72. Kh7 Qxf6 73. f4 Rc7+ 74. Kg8 Qd8# 0-1